 Dungeon Crawl Stone Soup version 0.23.2-40-g277498a001 (webtiles) character file.

Game seed: 5506947457384965140

1060 Clehvi the Poker (level 8, -2/51 HPs)
             Began as a Tengu Wanderer on Oct 14, 2019.
             Slain by an orc warrior
             ... wielding a +0 flail
              (5 damage)
             ... on level 6 of the Dungeon.
             The game lasted 00:12:59 (3207 turns).

Clehvi the Poker (Tengu Wanderer)                   Turns: 3207, Time: 00:12:59

Health: -2/51      AC: 10    Str: 19    XL:     8   Next: 27%
Magic:  10/10      EV: 10    Int: 12    God:
Gold:   294        SH:  0    Dex: 13    Spells: 8/8 levels left

rFire    . . .     SeeInvis .   b - +4 spear
rCold    . . .     Gourm    .   (no shield)
rNeg     . . .     Faith    .   c - +2 scale mail
rPois    .         Spirit   .   (helmet restricted)
rElec    .         Reflect  .   (no cloak)
rCorr    .         Harm     .   p - +0 pair of gloves
MR       .....                  (boots unavailable)
Stlth    ..........             (no amulet)
HPRegen  0.17/turn              i - +1 ring of evasion
MPRegen  0.12/turn              v - +3 ring of strength

@: no status effects
A: beak, talons 3, able to fly
a: Fly


You were on level 6 of the Dungeon.
You were not hungry.

You visited 1 branch of the dungeon, and saw 6 of its levels.

You collected 294 gold pieces.

Inventory:

Hand Weapons
 a - the +9 hunting sling of Qakeniph {venom, +Inv}
   (You found it on level 5 of the Dungeon)

   It poisons the ammo it fires.
   It lets you turn invisible.
 b - a +4 spear (weapon)
 l - a +0 short sword
Missiles
 j - 136 stones (quivered)
 E - 5 sling bullets
Armour
 c - a +2 scale mail (worn)
 p - a +0 pair of gloves (worn)
Jewellery
 e - an uncursed ring of stealth
 i - a +1 ring of evasion (left hand)
 v - a +3 ring of strength (right hand)
 B - an uncursed ring of stealth
Wands
 g - a wand of digging (2)
 y - a wand of random effects (15)
 F - a wand of clouds (5)
 H - a wand of polymorph (10)
Scrolls
 h - a scroll of teleportation
 k - 2 scrolls of fog {unknown}
 n - 6 scrolls of remove curse {unknown}
 o - a scroll of noise {unknown}
 r - a scroll of blinking {unknown}
 t - a scroll of enchant weapon {unknown}
 u - a scroll of immolation {unknown}
 C - a scroll of magic mapping {unknown}
 D - a scroll of enchant armour {unknown}
 G - 6 scrolls of identify
Potions
 f - a potion of flight {unknown}
 m - 3 potions of curing
 q - 2 potions of ambrosia {unknown}
 s - a potion of degeneration {unknown}
 w - a potion of berserk rage {unknown}
 x - 2 potions of mutation {unknown}
 z - a potion of lignification {unknown}
 A - 4 potions of haste {unknown}
Comestibles
 d - 7 rations
 I - 6 chunks of flesh


   Skills:
 + Level 5.9 Fighting
   Level 1.3(4.7) Axes
 - Level 7.3 Polearms
 - Level 0.7(1.2) Slings
 + Level 1.4(1.6) Throwing
 + Level 5.4 Armour
 + Level 1.6 Stealth
 + Level 0.7 Spellcasting


You had 8 spell levels left.
You didn't know any spells.
Your spell library was empty.

Dungeon Overview and Level Annotations

Branches:
Dungeon (6/15)
 Temple: D:4-7

Altars:
Hepliaklqana
Sif Muna
Wu Jian


Innate Abilities, Weirdness & Mutations

You have a beak for a mouth.
You have claws for feet.
You can fly continuously.


Message History

You hit the orc warrior but do no damage.
The orc warrior is almost dead.
The orc warrior hits you with a +0 flail!!
* * * LOW HITPOINT WARNING * * *
The orc barely misses you.
You hit the orc warrior but do no damage.
You claw the orc warrior, but do no damage.
Your peck misses the orc warrior.
The orc warrior is almost dead.
The orc warrior hits you with a +0 flail!
* * * LOW HITPOINT WARNING * * *
The orc closely misses you.
You hit the orc warrior.
The orc warrior is almost dead.
Your scale mail prevents you from hitting the orc warrior.
Your kick misses the orc warrior. Your peck misses the orc warrior.
The orc warrior is almost dead.
The orc hits you but does no damage.
The orc warrior hits you with a +0 flail.
You die...

#.#######
#(.#
#.......#
#(.#
#######.#
#(.# #.#
#..# #.#
#..# #.#
#.. #.# #o#
#.#######o#
#.......o@#
###########


You could see an orc warrior and 2 orcs.

Vanquished Creatures
  An ice beast (D:5)
  2 sky beasts
  2 ogres (D:5)
  A bullfrog (D:6)
  A water moccasin zombie (D:6)
  A crimson imp (D:5)
  An orc priest (D:5)
  2 hounds
  A quasit (D:5)
  A jelly (D:4)
  A centaur skeleton (D:4)
  Ijyb (D:5)
  A worker ant (D:4)
  A hound zombie (D:5)
  A hound skeleton (D:4)
  6 adders
  An ooze (D:1)
  An adder zombie (D:4)
  4 worms
  3 dart slugs
  4 leopard geckos
  22 orcs
  A ball python (D:3)
  5 giant cockroaches
  8 goblins
  6 hobgoblins
  4 jackals (D:2)
  5 kobolds
  A quokka (D:5)
  6 bats
  8 frilled lizards
  A jackal zombie (D:5)
  9 rats
113 creatures vanquished.

Notes
Turn   | Place    | Note
-------+----------+-------------------------------------------
     0 | D:1      | Clehvi the Tengu Wanderer began the quest for the Orb.
     0 | D:1      | Clehvi set off with the following items: a +0 hand axe, a
                  | scroll of teleportation, a +2 scale mail, a ration
     0 | D:1      | Reached XP level 1. HP: 15/15 MP: 2/2
   145 | D:1      | Reached XP level 2. HP: 20/20 MP: 3/3
   218 | D:1      | Reached XP level 3. HP: 17/24 MP: 4/4
   536 | D:2      | Found a deep blue altar of Sif Muna.
   536 | D:2      | Found a hazy altar of Hepliaklqana.
   538 | D:2      | Found an ornate altar of the Wu Jian Council.
   632 | D:2      | Reached skill level 1 in Polearms
   717 | D:2      | Reached XP level 4. HP: 30/30 MP: 5/5
   919 | D:3      | Reached skill level 2 in Polearms
  1422 | D:4      | Gained mutation: You can fly continuously. [Tengu growth]
  1422 | D:4      | Reached XP level 5. HP: 34/34 MP: 6/6
  1561 | D:4      | Reached skill level 3 in Polearms
  1574 | D:4      | Reached skill level 5 in Fighting
  1647 | D:4      | Noticed a sky beast
  1658 | D:4      | Killed a sky beast
  1658 | D:4      | Reached skill level 4 in Polearms
  1658 | D:4      | Reached XP level 6. HP: 40/40 MP: 7/7
  1919 | D:4      | Reached skill level 5 in Polearms
  2284 | D:5      | Entered Level 5 of the Dungeon
  2324 | D:5      | Noticed Ijyb
  2332 | D:5      | Killed Ijyb
  2385 | D:5      | Reached XP level 7. HP: 37/44 MP: 8/8
  2427 | D:5      | Reached skill level 6 in Polearms
  2595 | D:5      | Got a crystal hunting sling
  2596 | D:5      | Identified the +9 hunting sling of Qakeniph {venom, +Inv}
                  | (You found it on level 5 of the Dungeon)
  2652 | D:5      | Reached skill level 5 in Armour
  2848 | D:5      | Reached skill level 7 in Polearms
  2875 | D:5      | Reached XP level 8. HP: 51/51 MP: 9/9
  3207 | D:6      | Slain by an orc warrior

Skill      XL: |  1  2  3  4  5  6  7 |
---------------+----------------------+-----
Polearms       | 1 2 4 5 7 |  7.3
Armour         | 4 5 |  5.4
Fighting       | 5 |  5.9
Axes           | |  1.3
Slings         | |  0.7
Throwing       | |  1.4
Stealth        | |  1.6
Spellcasting   | |  0.7

Action                   |  1- 3 |  4- 6 |  7- 9 || total
-------------------------+-------+-------+-------++-------
Melee: Hand axe          |    17 |       |       ||    17
       Peck              |    10 |    21 |     9 ||    40
       Kick              |     8 |    27 |    22 ||    57
       Spear             |    56 |   134 |    74 ||   264
 Fire: Hunting sling     |       |       |    22 ||    22
  Use: Scroll            |       |     1 |       ||     1
 Stab: Sleeping          |     1 |     1 |       ||     2
  Eat: Chunk             |       |     5 |     2 ||     7
Armor: Scale mail        |    21 |    35 |    19 ||    75
Dodge: Dodged            |    30 |    35 |    19 ||    84
